 Dungeon Crawl Stone Soup version 0.28-a0-1505-g8c907de6ad (webtiles) character file.

Game seed: 8953196830318642718

560 tilp the Chiller (level 7, -16/32 HPs)
             Began as a Felid Ice Elementalist on Jan 13, 2022.
             Demolished by an orc knight (21 damage)
             ... in a bailey.
             The game lasted 00:16:17 (9544 turns).

tilp the Chiller (Felid Ice Elementalist)           Turns: 9544, Time: 00:16:18

Health: -16/32     AC:  6    Str:  4    XL:     7   Next: 9%
Magic:  14/14      EV: 18    Int: 21    God:
Gold:   440        SH:  0    Dex: 16    Spells: 1/14 levels left
                                        Lives:  0   Deaths: 2

rFire   . . .      SeeInvis +     - Unarmed
rCold   . . .      Faith    .   (shield unavailable)
rNeg    . . .      Spirit   .   (armour unavailable)
rPois   .          Reflect  .   (helmet unavailable)
rElec   .          Harm     .   (cloak unavailable)
rCorr   .          Rampage  .   (gloves unavailable)
Will    +....                   (boots unavailable)
Stlth   +++.......              (no amulet)
HPRegen 0.10/turn               i - +4 ring of protection
MPRegen 0.14/turn               (no ring)

@: quick
A: very small, claws 1, fangs 3, see invisible, speed 1, shaggy fur 2, stealthy
paws, no weapons or thrown items, no armour, multi-lived
a: no special abilities


You were in a bailey.
You visited 1 branch of the dungeon, and saw 7 of its levels.
You also visited: Bailey.

You collected 440 gold pieces.

Inventory:

Jewellery
 i - a +4 ring of protection (left paw)
Wands
 e - a wand of flame (12)
 f - a wand of acid (6)
 m - a wand of charming (14)
Scrolls
 d - a scroll of vulnerability
 h - a scroll of teleportation
 o - a scroll of summoning
Potions
 a - 2 potions of invisibility {unknown}
 b - 5 potions of flight
 c - a potion of lignification
 g - a potion of curing
 j - 3 potions of haste
 k - a potion of might
 l - 3 potions of cancellation
 n - 3 potions of heal wounds {unknown}
 p - a potion of mutation {unknown}


   Skills:
 - Level 4.0 Fighting
 - Level 4.0 Dodging
 - Level 6.0 Stealth
 - Level 4.0 Unarmed Combat
 + Level 4.2 Spellcasting
 + Level 2.6 Conjurations
 - Level 4.0 Translocations
 + Level 6.7 Ice Magic
 - Level 4.0 Evocations


You had one spell level left.
You knew the following spells:

 Your Spells              Type           Power      Damage    Failure   Level
a - Freeze                Ice            100%       1d11      1%          1
b - Frozen Ramparts       Ice            64%        1d8       2%          3
c - Ozocubu's Armour      Ice            32%        N/A       2%          3
d - Hailstorm             Conj/Ice       24%        3d7       17%         4
e - Blink                 Tloc           42%        N/A       3%          2

Your spell library contained the following spells:

 Spells                   Type           Power      Damage    Failure   Level
 Lesser Beckoning         Tloc           21%        N/A       7%          3
 Corpse Rot               Necr/Air       8%         N/A       19%         2
 Manifold Assault         Tloc           21%        N/A       54%         5
 Dispel Undead            Necr           4%         3d7       75%         4
 Blade Hands              Tmut           2%         N/A       97%         5
 Death Channel            Necr           2%         N/A       100%        6
 Storm Form               Tmut/Air       2%         N/A       100%        7
 Portal Projectile        Hex/Tloc       Unusable   N/A       N/A         3
 Excruciating Wounds      Necr           Unusable   N/A       N/A         5

Dungeon Overview and Level Annotations

Branches:
Dungeon (7/15)             Temple (0/1) D:7          Bailey (1/1)

Altars:
Ru

Shops:
D:3 (

Annotations:
D:2 1 runed translucent door, Crazy Yiuf
D:4 exclusions: kobold, 2 lemures and ogre, Grinder, Natasha
D:6 exclusion: 2 wights


Innate Abilities, Weirdness & Mutations

You have sharp claws.
You have razor-sharp teeth.
You have supernaturally acute eyesight. (SInv)
You cover ground quickly. (Speed+)
You are covered in thick fur. (AC +2)
Your paws help you pounce on unaware monsters.
You are incapable of wielding weapons or throwing items.
You cannot wear armour.
You gain extra lives every three experience levels.


Message History

* * * LOW HITPOINT WARNING * * *
An orc warrior comes into view. It is wielding a +0 halberd.
The orc warrior hits you from afar with a +0 glaive!
You die...
An orc knight comes into view. It is wielding a +0 trident.
You are now level 7!
You rejoin the land of the living...
Unknown command.
Unknown command.
There is an open gate here.
There is an open gate here.
The orc knight misses you. The orc warrior barely misses you.
The orc hits you but does no damage.
The orc warrior hits you from afar with a +0 halberd.
The orc knight misses you. The orc warrior barely misses you.
The orc warrior barely misses you. x2
The orc knight roars a battlecry!
The orcs go into a battle-frenzy!
The orc warrior hits you from afar with a +0 glaive!
The orc knight shouts!
The orc warrior completely misses you.
The orc warrior hits you with a +0 halberd!
* * * LOW HITPOINT WARNING * * *
There is a huge open gate here.
The orc warrior misses you. The orc warrior closely misses you.
Found 2 scrolls of enchant weapon and 4 scrolls of summoning.
The orc warrior completely misses you.
Found 2 scrolls of summoning and a scroll of enchant weapon.
The orc knight roars a battlecry!
The orc knight goes into a battle-frenzy!
Found a gate leading back out of this place.
The orc knight misses you.
The orc knight roars a battlecry!
The orc knight goes into a battle-frenzy!
You see here a scroll of enchant weapon.
You see here a scroll of summoning.
o - a scroll of summoning The orc knight hits you from afar with a +0 trident!!
Ouch! That really hurt!
You die...

##†....##
#.......#
#.......#
#oo.....#
#..oo...#
#..o....#
#...o...#
#..o??..#
#..@??..#
#..???..#
#.......#
##..∩..##
#######


You could see 2 orc knights, 3 orc warriors and 2 orcs.

Vanquished Creatures
  Eustachio (D:5)
  2 ice beasts (D:5)
  3 black bears (D:6)
  3 sky beasts
  4 orc warriors (Bailey)
  An ogre (D:5)
  A centaur (D:7)
  2 bullfrogs (D:6)
  A jelly (D:6)
  A centaur skeleton (D:5)
  2 hounds
  An orc priest (D:4)
  2 gnoll shamans
  An iguana (D:4)
  3 orc wizards
  7 gnolls
  8 adders
  A white imp (D:7)
  An ufetubus (D:6)
  5 dart slugs
  30 orcs
  5 ball pythons
  4 bats
  7 endoplasms
  10 goblins
  8 hobgoblins
  5 jackals
  5 kobolds
  4 quokkas
  6 frilled lizards
  6 rats
140 creatures vanquished.

Notes
Turn   | Place    | Note
-------+----------+-------------------------------------------
     0 | D:1      | tilp the Felid Ice Elementalist began the quest for the
                  | Orb.
     0 | D:1      | Reached XP level 1. HP: 7/7 MP: 4/4
   352 | D:1      | Reached XP level 2. HP: 11/11 MP: 3/6
   904 | D:1      | Reached XP level 3. HP: 10/14 MP: 4/7
   908 | D:1      | Learned a level 3 spell: Frozen Ramparts
  2265 | D:2      | Identified the +1 robe of Agaggoen {Harm Regen+ MP+9 Str+7}
  2406 | D:2      | Reached XP level 4. HP: 18/18 MP: 9/9
  2538 | D:2      | Found a runed translucent door.
  2539 | D:2      | Noticed Crazy Yiuf
  3245 | D:2      | Learned a level 3 spell: Ozocubu's Armour
  3313 | D:3      | Reached skill level 5 in Ice Magic
  3777 | D:3      | Found Iducurgho's Weapon Boutique.
  3813 | D:3      | Reached XP level 5. HP: 21/21 MP: 8/10
  4166 | D:4      | Noticed an ogre
  4409 | D:4      | Noticed a lemure
  4747 | D:4      | Noticed Grinder
  4868 | D:4      | Noticed Natasha
  5371 | D:4      | Gained mutation: You are covered in thick fur. (AC +2)
                  | [Felid growth]
  5371 | D:4      | Reached XP level 6. HP: 25/25 MP: 2/11
  5374 | D:4      | Learned a level 2 spell: Blink
  5540 | D:4      | Reached skill level 1 in Fighting
  5540 | D:4      | Reached skill level 1 in Unarmed Combat
  5878 | D:5      | Entered Level 5 of the Dungeon
  6231 | D:5      | Noticed Eustachio
  6245 | D:5      | Noticed a sky beast
  6253 | D:5      | Killed a sky beast
  6303 | D:5      | Killed Eustachio
  6304 | D:5      | Reached XP level 7. HP: 21/30 MP: 1/12
  6420 | D:5      | Reached skill level 5 in Stealth
  7024 | D:5      | Found a sacrificial altar of Ru.
  7271 | D:6      | Reached XP level 8. HP: 36/36 MP: 6/13
  7286 | D:6      | Learned a level 4 spell: Hailstorm
  7510 | D:6      | Reached skill level 1 in Evocations
  7990 | D:6      | Reached skill level 1 in Translocations
  8237 | D:6      | Reached skill level 1 in Conjurations
  8925 | D:7      | Found a staircase to the Ecumenical Temple.
  8943 | D:7      | Found a flagged portal.
  8952 | Bailey   | Entered a bailey
  9228 | Bailey   | Reached XP level 9. HP: 5/39 MP: 1/16
  9448 | Bailey   | Noticed an orc knight
  9448 | Bailey   | Noticed an orc knight
  9498 | Bailey   | Annihilated by an orc knight
  9499 | Bailey   | Reached XP level 8. HP: -29/36 MP: 5/15
  9516 | Bailey   | Noticed an orc knight
  9519 | Bailey   | Slain by an orc warrior
  9519 | Bailey   | Noticed an orc knight
  9520 | Bailey   | Reached XP level 7. HP: -5/32 MP: 14/14
  9544 | Bailey   | Demolished by an orc knight

Illustrated notes

Levels and vault maps discovered:
D:1:      dpeg_arrival_arbitrary_a, layout_basic
D:2:      layout_basic, uniq_crazy_yiuf_cottage
D:3:      layout_loops_cross, serial_shops,
          nicolae_shop_temple_entry_statues_fountains
D:4:      layout_gridville, kennysheep_generic_room_8, uniq_pikel, uniq_grinder,
          uniq_natasha
D:5:      layout_rooms, nicolae_ru_path_of_blood, uniq_eustachio
D:6:      layout_loops_ring
D:7:      layout_gridville, minmay_temple_entry_drinking_statues,
          gammafunk_ghost_nasty_kobolds, enter_bailey_2, st_stairs_14,
          nrook_mini_vaults
Bailey:   bailey_polearm_5, bailey

Skill      XL: |  1  2  3  4  5  6  7  8 |
---------------+-------------------------+-----
Ice Magic      | 4 5 6 |  6.7
Spellcasting   | 3 4 |  4.2
Stealth        | 3 4 6 |  6.0
Dodging        | 3 4 |  4.0
Fighting       | 2 3 4 |  4.0
Unarmed Combat | 2 3 4 |  4.0
Evocations     | 4 |  4.0
Translocations | 4 |  4.0
Conjurations   | 2 |  2.6

Action                   |  1- 3 |  4- 6 |  7- 9 || total
-------------------------+-------+-------+-------++-------
Melee: Unarmed           |    19 |    45 |    41 ||   105
       Punch             |     1 |     1 |     2 ||     4
       Bite              |       |     5 |     8 ||    13
 Cast: Freeze            |    46 |    42 |    16 ||   104
       Frozen Ramparts   |     2 |    20 |    20 ||    42
       Ozocubu's Armour  |       |     7 |    13 ||    20
       Hailstorm         |       |       |     3 ||     3
Evoke: Wand              |       |       |     1 ||     1
  Use: Scroll            |     4 |     9 |     6 ||    19
       Potion            |       |       |     3 ||     3
 Stab: Sleeping          |     6 |     9 |     2 ||    17
Armor: Skin              |       |    20 |    17 ||    37
Dodge: Dodged            |    37 |    69 |   104 ||   210

Table legend: (Time is in decaauts)
 A = Elapsed time spent in this place.
 B = Non-inter-level travel time spent in this place.
 C = Inter-level travel time spent in this place.
 D = Time resting spent in this place.
 E = Time spent auto-exploring this place.
 F = Levels seen in this place.
 G = Mean time per level.
                   A        B        C        D        E       F      G
               +--------+--------+--------+--------+--------+-----+--------+
         Total |   8613 |   8402 |    211 |   2767 |   4404 |   8 | 1076.6 |
       Dungeon |   8050 |   7839 |    211 |   2382 |   4404 |   7 | 1150.0 |
        Bailey |    563 |    563 |      0 |    385 |      0 |   1 |  563.0 |
               +--------+--------+--------+--------+--------+-----+--------+

Top non-repeatable levels by time:
     D:1: 1666 daAuts
     D:4: 1625 daAuts
     D:6: 1512 daAuts
     D:2: 1217 daAuts
     D:5: 1182 daAuts
     D:3: 798 daAuts
  Bailey: 563 daAuts
     D:7: 47 daAuts
